 Dungeon Crawl Stone Soup version 0.25.0 (webtiles) character file.

Game seed: 5398444075833075096

1880 Curus the Cruncher (level 8, -3/62 HPs)
             Began as a Minotaur Gladiator on June 12, 2020.
             Was a Believer of Trog.
             Slain by a black bear (6 damage)
             ... on level 7 of the Dungeon.
             The game lasted 00:15:06 (4749 turns).

Curus the Cruncher (Minotaur Gladiator)             Turns: 4749, Time: 00:15:06

Health: -3/62      AC:  3    Str: 18    XL:     8   Next: 91%
Magic:  7/7        EV: 14    Int:  7    God:    Trog [**....]
Gold:   359        SH:  0    Dex: 25    Spells: 7/7 levels left

rFire    + . .     SeeInvis .   a - +2 quarterstaff
rCold    + + .     Gourm    .   (shield currently unavailable)
rNeg     . . .     Faith    +   b - +0 leather armour
rPois    .         Spirit   .   c - +0 hat
rElec    .         Reflect  .   l - scarf {rC+ rF+}
rCorr    .         Harm     .   (no gloves)
MR       ++...                  (no boots)
Stlth    ++........             o - amulet of faith
HPRegen  1.00/turn              e - +6 ring of dexterity
MPRegen  0.10/turn              i - +6 ring of dexterity

@: berserk cooldown, regenerating, slowed, very slow
A: retaliatory headbutt, horns 2, cold resistance 1, inhibited regeneration
a: Berserk, Trog's Hand, Renounce Religion


You were on level 7 of the Dungeon.
You worshipped Trog.
Trog was pleased with you.
You were very hungry.

You visited 1 branch of the dungeon, and saw 7 of its levels.

You collected 359 gold pieces.

Inventory:

Hand Weapons
 a - a +2 quarterstaff (weapon)
 p - a cursed -1 flail
Missiles
 d - 2 throwing nets (quivered)
Armour
 b - a +0 leather armour (worn)
 c - a +0 hat (worn)
 j - a +2 cloak
 l - a scarf of resistance (worn)
Jewellery
 e - a +6 ring of dexterity (left hand)
 i - a +6 ring of dexterity (right hand)
 o - an amulet of faith (around neck)
Wands
 q - a wand of iceblast (4)
Scrolls
 h - 7 scrolls of identify
 k - a scroll of remove curse
Potions
 m - a potion of mutation
 n - a potion of curing
Comestibles
 f - 8 rations
 g - 7 chunks of flesh


   Skills:
 - Level 2.4 Fighting
 + Level 13.6 Staves
 - Level 2.0 Throwing
 - Level 3.2 Dodging


You had 7 spell levels left.
You didn't know any spells.
Your spell library was empty.

Dungeon Overview and Level Annotations

Branches:
Dungeon (7/15)             Temple (0/1) D:4

Altars:
Elyvilon
Fedhas
Nemelex Xobeh
Trog
Vehumet
Wu Jian
Yredelemnul
Zin
The Shining One


Innate Abilities, Weirdness & Mutations

You reflexively headbutt those who attack you in melee.
You have a pair of horns on your head.
Your flesh is cold resistant. (rC+)
You do not regenerate when monsters are visible.


Message History

The hippogriff is severely wounded.
The hippogriff bites you!
* * * LOW HITPOINT WARNING * * *
The hippogriff pecks you.
* * * LOW HITPOINT WARNING * * *
The hippogriff claws you but does no damage.
Okay, then.
Throwing (i - inventory)
d - 3 throwing nets (quivered)
Press: ? - help, Shift-Dir - straight line, f - hippogriff
Aim: a hippogriff (severely wounded)
You throw a throwing net. The throwing net hits the hippogriff.
The hippogriff is caught in the net!
The hippogriff is severely wounded.
The hippogriff struggles against the net.
Your skin crawls.
You feel resistant to hostile enchantments.
You feel quite a bit more hungry.
The hippogriff struggles against the net. x2
The black bear bites you.
You die...

P.##.. PP#.# P≈.##.###
≈P.##..############
♣≈PH..............#
♣♣≈P##H.####.#####.#
PP♣♣♣♣≈≈P#@#.# #.# #.#
≈≈≈P≈≈††.h.#.# #.# #.#
.PP≈≈≈≈P....(# #.#####.#
###.PP≈###.#.####.##....##
#.#.P #.#........PP≈..#
#..#. #.######P≈≈≈P≈P.#
..... <.# ##PP≈≈♣P≈P.# ...
#. ### #≈≈≈≈♣♣♣PP.# ##. ..
.P.P≈♣ ♣♣≈.#


You could see a hippogriff (caught) and a black bear.

Vanquished Creatures
  Grinder (D:5)
  A human (D:4)
  Duvessa (D:5)
  3 sky beasts
  A black bear (D:7)
  A phantom (D:5)
  A centaur (D:6)
  4 bullfrogs
  Dowan (D:5)
  A scorpion (D:5)
  An electric eel (D:7)
  3 crimson imps
  A bullfrog zombie (D:5)
  2 hounds
  An orc wizard (D:4)
  An orc priest (D:3)
  A centaur skeleton (D:7)
  3 worker ants
  7 adders
  A howler monkey skeleton (D:6)
  A shadow imp (D:6)
  An ooze (D:4)
  A worm (D:3)
  2 dart slugs
  2 leopard geckos
  9 orcs
  10 bats
  6 giant cockroaches
  5 goblins
  8 hobgoblins
  4 quokkas
  2 ball pythons
  5 frilled lizards
  A giant cockroach zombie (D:6)
  11 kobolds
  A kobold zombie (D:4)
  A leopard gecko zombie (D:5)
  A quokka skeleton (D:4)
  7 rats
114 creatures vanquished.

Notes
Turn   | Place    | Note
-------+----------+-------------------------------------------
     0 | D:1      | Curus the Minotaur Gladiator began the quest for the Orb.
     0 | D:1      | Reached XP level 1. HP: 18/18 MP: 0/0
   200 | D:1      | Reached skill level 4 in Staves
   277 | D:1      | Reached XP level 2. HP: 24/25 MP: 1/1
   817 | D:2      | Reached skill level 5 in Staves
   817 | D:2      | Reached XP level 3. HP: 25/30 MP: 2/2
  1308 | D:3      | Found a bloodstained altar of Trog.
  1315 | D:3      | Became a worshipper of Trog the Wrathful
  1418 | D:3      | Reached skill level 6 in Staves
  1418 | D:3      | Reached XP level 4. HP: 37/37 MP: 3/3
  1687 | D:3      | Reached * piety under Trog
  1687 | D:3      | Reached skill level 7 in Staves
  1687 | D:3      | Reached XP level 5. HP: 27/42 MP: 4/4
  2070 | D:3      | Found a glowing golden altar of the Shining One.
  2108 | D:3      | Found a blossoming altar of Fedhas.
  2152 | D:4      | Found a radiant altar of Vehumet.
  2173 | D:4      | Found an ornate altar of the Wu Jian Council.
  2254 | D:4      | Found a staircase to the Ecumenical Temple.
  2397 | D:4      | Found a runed translucent door.
  2397 | D:4      | Noticed a human
  2402 | D:4      | Found a basalt altar of Yredelemnul.
  2727 | D:4      | Killed a human
  2727 | D:4      | Reached skill level 8 in Staves
  2727 | D:4      | Reached XP level 6. HP: 50/50 MP: 5/5
  2760 | D:5      | Entered Level 5 of the Dungeon
  2760 | D:5      | Noticed a sky beast
  2769 | D:5      | Killed a sky beast
  2769 | D:5      | Reached skill level 9 in Staves
  2839 | D:5      | Gained mutation: You do not regenerate when monsters are
                  | visible. [potion of mutation]
  2839 | D:5      | Gained mutation: Your flesh is cold resistant. (rC+)
                  | [potion of mutation]
  2857 | D:5      | Noticed Dowan
  2858 | D:5      | Noticed Duvessa
  2873 | D:5      | Killed Duvessa
  2873 | D:5      | Reached skill level 10 in Staves
  2873 | D:5      | Reached XP level 7. HP: 30/56 MP: 6/6
  2878 | D:5      | Killed Dowan
  3249 | D:5      | Found a sparkling altar of Nemelex Xobeh.
  3250 | D:5      | Found a white marble altar of Elyvilon.
  3468 | D:5      | Noticed Grinder
  3473 | D:5      | Paralysed by Grinder for 5 turns
  3481 | D:5      | HP: 4/84 [Grinder (2)]
  3482 | D:5      | Killed Grinder
  3482 | D:5      | Reached skill level 11 in Staves
  3482 | D:5      | Reached XP level 8. HP: 5/62 MP: 7/7
  3940 | D:6      | Reached skill level 12 in Staves
  3941 | D:6      | Reached ** piety under Trog
  4579 | D:7      | Reached skill level 13 in Staves
  4674 | D:7      | Found a glowing silver altar of Zin.
  4726 | D:7      | Noticed a hippogriff
  4747 | D:7      | HP: 1/62 [hippogriff (4)]
  4749 | D:7      | Slain by a black bear

Illustrated notes

Levels and vault maps discovered:
D:1:      minmay_arrival_radiant_lines, layout_basic, grunt_decor_arrowhead,
          minmay_cupped
D:2:      layout_basic, first_ration, minmay_pentomino_x4
D:3:      layout_basic, lemuel_doored_altar, marbit_many_paths,
          nicolae_tso_swordbearing_angel
D:4:      layout_cave_pools, vehumet_crystals, old_standard_altar,
          minmay_temple_entry_gardened_gates, dk_yredelemnul_ordeal
D:5:      layout_loops_cross, gammafunk_temple_overflow_pools, uniq_grinder,
          uniq_duvessa
D:6:      cheibrodos_fzero, layout_basic, overflow_temple_1_default,
          nicolae_ru_the_path_less_chosen, trog_ov_bears_minmay
D:7:      layout_loops_ring, serial_bayou, serial_bayou_lagoon_a,
          serial_bayou_pond_b, serial_bayou_pond_c, serial_bayou_pond_c,
          serial_bayou_pond_e, basic_altar, kennysheep_windowed_goal

Skill      XL: |  1  2  3  4  5  6  7  8 |
---------------+-------------------------+-----
Staves         | 4 5 6 7 8 10 11 13 | 13.6
Fighting       | |  2.4
Throwing       | |  2.0
Dodging        | |  3.2

Action                   |  1- 3 |  4- 6 |  7- 9 || total
-------------------------+-------+-------+-------++-------
Melee: Quarterstaff      |    57 |    84 |    99 ||   240
       Headbutt          |     9 |    31 |    30 ||    70
Throw: Throwing net      |       |       |     1 ||     1
Invok: Berserk           |       |       |     2 ||     2
       Trog's Hand       |       |       |     1 ||     1
  Use: Potion            |     4 |     5 |     2 ||    11
       Scroll            |     7 |     1 |     3 ||    11
 Stab: Sleeping          |     6 |     2 |       ||     8
       Invisible         |       |       |     1 ||     1
  Eat: Chunk             |     2 |     4 |     3 ||     9
       Ration            |       |       |     1 ||     1
Armor: Leather armour    |     6 |    15 |    10 ||    31
Dodge: Dodged            |    32 |    48 |    36 ||   116
